 Dungeon Crawl Stone Soup version bcrawl-1.28.1b (webtiles) character file.

Game seed: 7311233923685863808

307944 Morbidden the Fighter (level 11, -1/99 HPs)
             Began as a Hill Orc Archaeologist on Dec 31, 2020.
             Was a Believer of Cheibriados.
             Slain by a vampire (7 damage)
             ... on level 10 of the Dungeon.
             The game lasted 00:19:19 (12521 turns).

Morbidden the Fighter (Hill Orc Archaeologist)     Turns: 12521, Time: 00:19:19

Health: -1/99      AC: 10    Str: 23    XL:     11   Next: 67%
Magic:  18/18      EV: 16    Int: 19    God:    Cheibriados [**....]
Gold:   958        SH:  4    Dex: 19    Spells: 19/19 levels left

rFire    . . .     SeeInvis .   a - +2 scimitar (flame)
rCold    + . .     Gourm    .   (no shield)
rNeg     . . .     Faith    .   S - +0 troll leather armour
rPois    +         Spirit   .   c - +1 hat
rElec    .         Reflect  .   (no cloak)
rCorr    .         Harm     .   (no gloves)
MR       .....                  d - +2 pair of boots
Stlth    +++.......             (no amulet)
HPRegen  0.66/turn              f - ring "Cas Oll" {rC+ Str+4}
MPRegen  0.16/turn              B - ring "Ykhanelo" {rPois Str-2 Dex+6}

@: very slow
A: no striking features
a: Bend Time, Renounce Religion


You were on level 10 of the Dungeon.
You worshipped Cheibriados.
Cheibriados was pleased with you.
You were hungry.

You visited 2 branches of the dungeon, and saw 11 of its levels.
You also visited: Ossuary.

You collected 958 gold pieces.

Inventory:

Hand Weapons
 a - a +2 scimitar of flaming (weapon)
 b - a +1 dagger of venom
 v - a +0 shortbow
 N - a +1 quarterstaff
Missiles
 i - 1343 arrows
 o - 2 throwing nets {=f}
Armour
 c - a +1 hat (worn)
 d - a +2 pair of boots (worn)
 O - +0 steam dragon scales
 S - a +0 troll leather armour (worn)
Magical Staves
 u - an uncursed staff of air
Jewellery
 f - the ring "Cas Oll" (left hand) {rC+ Str+4}
   (You acquired it on level 3 of the Dungeon)

   [ring of protection from cold]

   It affects your strength (+4).
   It protects you from cold.
 y - an uncursed ring of magical power
 A - an uncursed ring of insulation
 B - the ring "Ykhanelo" (right hand) {rPois Str-2 Dex+6}
   (You found it on level 4 of the Dungeon)

   [ring of strength]

   It affects your strength (-2).
   It affects your dexterity (+6).
   It protects you from poison.
 D - an uncursed ring of magical power
 F - an uncursed ring of protection from fire
 P - an uncursed ring of stealth
Wands
 C - a wand of disintegration (5)
 K - a wand of iceblast (17)
 L - a wand of flame (17)
 M - a wand of random effects (8)
 R - a wand of polymorph (3)
 T - a wand of digging (8)
Scrolls
 g - 2 scrolls of magic mapping
 h - a scroll of immolation
 k - 5 scrolls of remove curse
 l - 5 scrolls of amnesia
 m - 10 scrolls of identify
 p - 5 scrolls of teleportation
 J - a scroll of enchant weapon
Potions
 j - 3 potions of heal wounds
 n - a potion of berserk rage {unknown}
 q - 2 potions of brilliance {unknown}
 r - a potion of flight {unknown}
 s - a potion of degeneration {unknown}
 w - 4 potions of lignification {unknown}
 x - 2 potions of haste {unknown}
 z - 3 potions of agility {unknown}
 E - 3 potions of mutation {unknown}
 G - 3 potions of curing
 H - a potion of invisibility {unknown}
 I - 2 potions of might {unknown}
Miscellaneous
 t - a phial of floods (inert)
Comestibles
 e - 18 rations {!d}
 Q - a chunk of flesh


   Skills:
 * Level 10.1 Fighting
   Level 10.1 Short Blades
   Level 10.1 Long Blades
   Level 10.1 Axes
   Level 10.1 Maces & Flails
   Level 10.1 Polearms
   Level 10.1 Staves
 + Level 1.3 Bows
 + Level 10.1 Armour
 * Level 5.8 Dodging
 + Level 4.1 Stealth
   Level 10.1 Unarmed Combat
 * Level 4.9 Spellcasting
 * Level 4.1 Invocations
 + Level 1.4 Evocations


You had 19 spell levels left.
You didn't know any spells.
Your spell library contained the following spells:

 Spells                   Type           Power        Failure   Level  Hunger
 Corona                   Hex            #......      14%         1    None
 Shock                    Conj/Air       #....        14%         1    None
 Ensorcelled Hibernation  Hex/Ice        #.....       22%         2    None
 Swiftness                Chrm/Air       #.......     22%         2    None
 Confuse                  Hex            #.......     38%         3    ###....
 Dazzling Orbs            Conj/Hex       #......      38%         3    ###....
 Static Discharge         Air            #.......     38%         3    ###....
 Tukima's Dance           Hex            #.......     38%         3    ###....
 Airstrike                Air            #.........   80%         4    #####..
 Lightning Bolt           Conj/Air       #.........   98%         5    ######.


Dungeon Overview and Level Annotations

Branches:
Dungeon (10/12)            Temple (1/1) D:5            Lair (0/6) D:7
    Orc: D:8-11

Altars:
Ashenzari
Cheibriados
Dithmenos
Elyvilon
Fedhas
Gozag
Hepliaklqana
Kikubaaqudgha
Lugonu
Makhleb
Nemelex Xobeh
Okawaru
Qazlal
Ru
Sif Muna
Trog
Uskayaw
Vehumet
Wu Jian
Xom
Yredelemnul
Zin

Annotations:
D:3 2 transporters, dcsswall's ghost, amateur BaIE


Message History

The poisoned tomahawk hits the wight but does no damage.
The wight barely misses you.
No path to travel!
No path to travel!
You feel much better. Something hits you.
* * * LOW HITPOINT WARNING * * *
Something bites you.
* * * LOW HITPOINT WARNING * * *
Something draws strength from your injuries!
The wight barely misses you.
No path to travel!
Something closely misses you. Something bites you!
* * * LOW HITPOINT WARNING * * *
Something draws strength from your injuries!
The wight hits you but does no damage.
No path to travel!
Something hits you!
* * * LOW HITPOINT WARNING * * *
Something bites you!
You die...

#.... .. #...# .# #.
#...## ...####.#
#.##.....## ..##...#
#.#.......# #.#.>.#
#..........
#<#...###a..........
###÷.......# .........
#..........o.#
#.......#
#####.....Z.o###@.....#
###...##o)o.##...##
#.oa##o##z# ###
#.o@##.##o#
.o.oo@o.#.z#.##.#
.......###a..##.#
#..(##..#oh####.# ##.
#..oooz@E≈..# #
####o########


You could see an orc warrior, a wight, an orc wizard and 2 orcs.

Vanquished Creatures
  A hydra (D:8)
  Erica (D:9)
  A two-headed ogre (D:10)
  A centaur warrior (D:9)
  An ugly thing (D:8)
  A troll (D:9)
  A polar bear (shapeshifter) (D:7)
  3 hippogriffs
  A spriggan (D:8)
  3 wyverns
  6 yaks (D:9)
  2 steam dragons
  A water moccasin (D:8)
  3 crocodiles (D:7)
  An ice beast (D:8)
  2 black bears
  5 sky beasts
  6 ogres
  4 centaurs
  6 bullfrogs
  2 big kobolds
  2 gnoll sergeants (D:6)
  A water moccasin zombie (D:6)
  A wyvern skeleton (D:7)
  A scorpion (D:9)
  6 killer bees (D:7)
  3 wights (D:10)
  2 howler monkeys
  5 crimson imps
  2 bullfrog zombies
  2 quasits
  3 hounds
  3 orc priests
  2 centaur skeletons
  5 jellies
  A gnoll shaman (D:8)
  2 iguanas
  An orc wizard (D:7)
  11 worker ants
  A big kobold zombie (Ossuary)
  A hound skeleton (D:9)
  9 mummies
  A worker ant zombie (D:6)
  12 adders
  11 gnolls
  A shadow imp (D:8)
  An ooze (D:2)
  2 adder zombies
  5 worms
  A dart slug (D:2)
  5 leopard geckos
  8 orcs
  A ball python (D:2)
  7 bats
  4 giant cockroaches
  11 hobgoblins
  3 jackals
  8 quokkas
  4 frilled lizards
  9 goblins
  5 hobgoblin zombies
  A jackal zombie (D:7)
  10 kobolds
  5 kobold zombies
  An orc zombie (D:5)
  A quokka skeleton (D:5)
  5 rats
238 creatures vanquished.

Vanquished Creatures (collateral kills)
  Harold (D:10)
1 creature vanquished.

Grand Total: 239 creatures vanquished

Notes
Turn   | Place    | Note
-------+----------+-------------------------------------------
     0 | D:1      | Morbidden the Hill Orc Archaeologist began the quest for
                  | the Orb.
     0 | D:1      | Reached XP level 1. HP: 16/16 MP: 1/1
   280 | D:1      | Reached XP level 2. HP: 24/24 MP: 2/2
  1112 | D:2      | Reached XP level 3. HP: 16/29 MP: 3/3
  1254 | D:2      | Found a shadowy altar of Dithmenos.
  2408 | D:2      | Reached XP level 4. HP: 20/37 MP: 4/4
  3167 | D:3      | Reached XP level 5. HP: 35/42 MP: 5/5
  3167 | D:3      | Identified a scroll of acquirement
  3175 | D:3      | Identified the +0 pair of boots of Qugoth {rElec rF- rCorr}
                  | (You acquired it on level 3 of the Dungeon)
  3175 | D:3      | Identified the ring "Cas Oll" {rC+ Str+4} (You acquired it
                  | on level 3 of the Dungeon)
  3249 | D:3      | Found a transporter.
  3250 | D:3      | Noticed dcsswall's ghost (amateur BaIE)
  3251 | D:3      | Noticed an ogre
  3252 | D:3      | Found a transporter.
  3253 | D:3      | Identified the +4 great mace of Malaise {flame, *Noise rC++
                  | Int+3}
  3253 | D:3      | Noticed an ogre
  3312 | D:3      | Found a stormy altar of Qazlal.
  3743 | D:4      | Noticed a big kobold
  3766 | D:4      | Killed a big kobold
  3767 | D:4      | Reached skill level 1 in Armour
  3767 | D:4      | Reached XP level 6. HP: 26/51 MP: 6/6
  3870 | D:4      | Noticed a sky beast
  3883 | D:4      | Killed a sky beast
  4335 | D:4      | Reached XP level 7. HP: 31/59 MP: 7/7
  4686 | D:4      | Got a transparent amber ring
  4688 | D:4      | Identified the cursed ring "Ykhanelo" {rPois Str-2 Dex+6}
                  | (You found it on level 4 of the Dungeon)
  4722 | D:4      | Reached skill level 5 in Fighting
  4984 | D:5      | Entered Level 5 of the Dungeon
  5064 | D:5      | Reached XP level 8. HP: 57/68 MP: 8/8
  5178 | D:5      | HP: 2/69 [acid (10)]
  5449 | D:5      | Found a staircase to the Ecumenical Temple.
  5461 | Temple   | Entered the Ecumenical Temple
  5768 | D:6      | Noticed a hippogriff
  5801 | D:6      | Reached skill level 1 in Spellcasting
  5912 | D:6      | Reached skill level 5 in Armour
  5963 | D:6      | Found a burning altar of Makhleb.
  6098 | D:6      | Found a sand-covered staircase.
  6123 | Ossuary  | Entered an ossuary
  6242 | Ossuary  | Reached XP level 9. HP: 39/78 MP: 11/11
  6898 | D:7      | Found a radiant altar of Vehumet.
  8093 | D:7      | Found a shimmering altar of Xom.
  8290 | D:7      | Noticed a polar bear
  8290 | D:7      | a blink frog changed into a polar bear
  8300 | D:7      | Killed a polar bear
  8601 | D:7      | Reached XP level 10. HP: 68/88 MP: 14/14
  9143 | D:7      | Found a staircase to the Lair.
  9575 | D:8      | Noticed a white ugly thing
  9600 | D:8      | Killed a white ugly thing
  9601 | D:8      | Reached skill level 5 in Dodging
 10336 | D:8      | Found a white marble altar of Elyvilon.
 10336 | D:8      | Noticed a six-headed hydra
 10554 | D:8      | Killed a six-headed hydra
 10619 | D:8      | Found a snail-covered altar of Cheibriados.
 10713 | D:8      | Became a worshipper of Cheibriados the Contemplative
 10876 | D:8      | Reached XP level 11. HP: 90/97 MP: 17/17
 11119 | D:9      | Reached skill level 1 in Invocations
 11178 | D:9      | Reached * piety under Cheibriados
 11377 | D:9      | Found a corrupted altar of Lugonu.
 11436 | D:9      | Noticed Erica
 11442 | D:9      | Killed Erica
 11684 | D:9      | Reached skill level 1 in Bows
 11684 | D:9      | Reached skill level 1 in Evocations
 11791 | D:9      | Found an opulent altar of Gozag.
 11995 | D:9      | Noticed a centaur warrior
 12005 | D:9      | Killed a centaur warrior
 12047 | D:9      | Found a hazy altar of Hepliaklqana.
 12114 | D:9      | Found a sparkling altar of Nemelex Xobeh.
 12294 | D:10     | Entered Level 10 of the Dungeon
 12294 | D:10     | Noticed a deep elf mage
 12437 | D:10     | Reached skill level 10 in Fighting
 12437 | D:10     | Reached skill level 10 in Armour
 12466 | D:10     | Noticed Harold
 12468 | D:10     | Noticed a two-headed ogre
 12483 | D:10     | Killed a two-headed ogre
 12483 | D:10     | Reached ** piety under Cheibriados
 12491 | D:10     | Killed Harold
 12517 | D:10     | HP: 3/99 [wight/+3 morningstar (15)]
 12521 | D:10     | Slain by a vampire

Skill      XL: |  1  2  3  4  5  6  7  8  9 10 11 |
---------------+----------------------------------+-----
Stealth        | 3 4 |  4.1
Fighting       | 2 3 4 5 6 8 9 10 | 10.1
Dodging        | 3 4 5 |  5.8
Armour         | 1 2 3 5 7 9 10 | 10.1
Spellcasting   | 1 3 4 |  4.9
Invocations    | 4 |  4.1
Bows           | 1 |  1.3
Evocations     | 1 |  1.4
Short Blades   | | 10.1
Long Blades    | | 10.1
Axes           | | 10.1
Maces & Flails | | 10.1
Polearms       | | 10.1
Staves         | | 10.1
Unarmed Combat | | 10.1

Action                   |  1- 3 |  4- 6 |  7- 9 | 10-12 || total
-------------------------+-------+-------+-------+-------++-------
Melee: Whip              |   229 |       |       |       ||   229
       Quarterstaff      |     6 |   192 |   222 |   144 ||   564
       Punch             |     1 |       |     7 |    11 ||    19
       Dagger            |       |       |   236 |   177 ||   413
       Scimitar          |       |       |       |    85 ||    85
 Fire: Shortbow          |       |       |       |    10 ||    10
Throw: Stone             |     2 |       |       |       ||     2
Evoke: Wand              |       |       |     3 |     8 ||    11
       Phial of floods   |       |       |       |     1 ||     1
  Use: Scroll            |       |     1 |     8 |     5 ||    14
       Potion            |       |     1 |     2 |     2 ||     5
 Stab: Sleeping          |     2 |     3 |       |     1 ||     6
  Eat: Chunk             |    11 |    11 |    19 |    14 ||    55
       Ration            |       |       |     1 |     1 ||     2
Armor: Robe              |    57 |     7 |       |       ||    64
       Chain mail        |       |   109 |   319 |   159 ||   587
       Leather armour    |       |     3 |       |       ||     3
       Troll leather arm |       |       |       |    17 ||    17
Dodge: Dodged            |   121 |   117 |   246 |   185 ||   669
Block: Other             |       |       |       |     7 ||     7
